 Dungeon Crawl Stone Soup version 0.29.0-11-gd7f09526c8 (webtiles) character file.

Game seed: 9230528124993351260

23 Descartes the Shield-Bearer (level 3, 0/29 HPs)
             Began as a Formicid Fighter on Sept 6, 2022.
             Killed by nerve-wracking pain
             ... invoked by an orc priest
              (4 damage)
             ... on level 2 of the Dungeon.
             The game lasted 00:01:39 (981 turns).

Descartes the Shield-Bearer (Formicid Fighter)       Turns: 981, Time: 00:01:41

Health: 0/29       AC:  8    Str: 22    XL:     3   Next: 12%
Magic:  3/3        EV:  9    Int:  7    God:
Gold:   41         SH:  5    Dex: 13    Spells: 2/2 levels left

rFire   . . .      SeeInvis +   a - +0 war axe
rCold   . . .      Faith    .   c - +0 buckler
rNeg    . . .      Spirit   .   b - +0 scale mail
rPois   .          Reflect  .   (helmet unavailable)
rElec   .          Harm     .   (no cloak)
rCorr   .          Rampage  .   g - +0 pair of gloves
Will    .....                   (no boots)
Stlth   ..........              (no amulet)
HPRegen 0.09/turn               (no ring)
MPRegen 0.08/turn               (no ring)

@: no status effects
A: permanent stasis, dig shafts and tunnels, antennae 3, four strong arms
a: Dig, Shaft Self


You were on level 2 of the Dungeon.
You visited 1 branch of the dungeon, and saw 2 of its levels.

You collected 41 gold pieces.

Inventory:

Hand Weapons
 a - a +0 war axe (weapon)
Missiles
 f - 7 stones
 k - 8 poisoned darts
 r - a throwing net
Armour
 b - a +0 scale mail (worn)
 c - a +0 buckler (worn)
 g - a +0 pair of gloves (worn)
Scrolls
 e - a scroll of identify {unknown}
 h - a scroll of blinking {unknown}
 i - a scroll of magic mapping {unknown}
 j - a scroll of poison {unknown}
 n - a scroll of enchant armour {unknown}
 o - 3 scrolls of teleportation {unknown}
 p - a scroll of noise {unknown}
 s - a scroll of enchant weapon {unknown}
Potions
 d - 2 potions of might
 l - 2 potions of mutation {unknown}
 m - a potion of invisibility {unknown}
 q - 2 potions of curing {unknown}


   Skills:
 + Level 3.4 Fighting
 + Level 2.1(2.3) Axes
 + Level 0.5(1.4) Maces & Flails
 + Level 0.6(1.5) Polearms
 + Level 3.5 Armour
 + Level 4.1 Shields
 + Level 0.5 Translocations
 + Level 0.5 Evocations


You had 2 spell levels left.
You didn't know any spells.
Your spell library contained the following spells:

 Spells                   Type           Power      Damage    Failure   Level
 Sting                    Tmut/Pois      0%         1d3       83%         1
 Summon Small Mammal      Summ           0%         N/A       83%         1
 Poisonous Vapours        Pois/Air       0%         N/A       92%         2
 Call Canine Familiar     Summ           0%         N/A       99%         3
 Summon Guardian Golem    Hex/Summ       0%         N/A       99%         3
 Olgreb's Toxic Radiance  Pois           0%         N/A       100%        4
 Passage of Golubria      Tloc           0%         N/A       100%        4
 Silence                  Hex/Air        0%         N/A       100%        5
 Lehudib's Crystal Spear  Conj/Erth      0%         10d2      100%        8


Dungeon Overview and Level Annotations

Branches:
Dungeon (2/15)

Altars:

Shops:
D:1 [


Innate Abilities, Weirdness & Mutations

You cannot be hasted, slowed, berserked, paralysed or teleported.
You can dig through walls and to a lower floor.
You have a pair of large antennae on your head. (SInv)
Your four strong arms can wield two-handed weapons with a shield.


Message History

The orc hits you with a +0 short sword.
You slash the orc!
You kill the orc!
You have reached level 3!
Your experience leads to an increase in your attributes!
Increase (S)trength, (I)ntelligence, or (D)exterity?
You feel stronger. x2
Things that are here:
a +0 short sword; a +0 club You hit the orc.
The orc is moderately wounded.
The orc barely misses you.
You slash the orc!
You kill the orc!
You see here a +0 whip.
An orc priest comes into view. It is wielding a +0 flail.
The orc priest shouts!
You hear a shout!
You hit the orc priest.
The orc priest is moderately wounded.
The orc priest barely misses you. You block the orc priest's attack.
You hit the orc priest but do no damage.
The orc priest is moderately wounded.
You block the orc priest's attack.
You slash the orc priest!
The orc priest is almost dead.
The orc priest hits you with a +0 flail. x2
You closely miss the orc priest.
The orc priest is almost dead.
The orc priest hits you with a +0 flail.
You closely miss the orc priest.
The orc priest is almost dead.
The orc priest hits you but does no damage.
You hit the orc priest but do no damage.
The orc priest is almost dead.
The orc priest calls down the wrath of Beogh upon you.
Beogh smites you!
* * * LOW HITPOINT WARNING * * *
The orc priest mumbles some strange prayers to Beogh against you.
Pain shoots through your body!
You die...

#......# #.<....####
#...........
#......##### ###.†....#
....<..### #####
###...... ...#
###.###########.#####.##
.... #...)).@o......
#.########.####†..#.####
#..........# #...#
..########## #...# ...##
#...# ....# #...# ....#
#...#{ [...# #...# ...##


You could see an orc priest.

Vanquished Creatures
  A dart slug (D:1)
  3 orcs (D:2)
  An endoplasm (D:1)
  A giant cockroach (D:1)
  A goblin (D:1)
  2 hobgoblins
  A quokka (D:1)
  3 ball pythons
  2 bats (D:1)
  A frilled lizard (D:1)
  A kobold (D:1)
  A rat (D:1)
18 creatures vanquished.

Notes
Turn   | Place    | Note
-------+----------+-------------------------------------------
     0 | D:1      | Descartes the Formicid Fighter began the quest for the Orb.
     0 | D:1      | Reached XP level 1. HP: 18/18 MP: 1/1
   226 | D:1      | Reached XP level 2. HP: 24/24 MP: 2/2
   256 | D:1      | Found Horec's Antique Armour Emporium.
   541 | D:1      | Found a faded altar of an unknown god.
   966 | D:2      | Reached XP level 3. HP: 22/29 MP: 3/3
   981 | D:2      | Killed from afar by an orc priest

Illustrated notes

Levels and vault maps discovered:
D:1:      psy_arrival_dodecagon, layout_basic, serial_shops,
          nicolae_shop_hallway_stairs, shapermc_ecumenical_altar_gd
D:2:      cheibrodos_greedy_goblins, layout_loops_ring, uniq_crazy_yiuf_cottage

Action                   || total
-------------------------++-------
Melee: War axe           ||    54
Armor: Scale mail        ||    22
Dodge: Dodged            ||    18
Block: Buckler           ||    17
